 Dungeon Crawl Stone Soup version 0.27-a0-869-g165b36e3f0 (webtiles) character file.

Game seed: 18258712677990540194

2478 septik the Basher (level 9, 0/56 HPs)
             Began as a Gargoyle Fighter on Apr 2, 2021.
             Was an Initiate of Gozag.
             Splashed by an acid dragon's acid (13 damage)
             ... on level 8 of the Dungeon.
             The game lasted 00:41:25 (10556 turns).

septik the Basher (Gargoyle Fighter)               Turns: 10556, Time: 00:41:28

Health: 0/56       AC: 15    Str: 22    XL:     9   Next: 51%
Magic:  9/9        EV:  8    Int: 10    God:    Gozag
Gold:   114        SH: 10    Dex:  9    Spells: 8/8 levels left

rFire    . . .     SeeInvis .   h - +2 mace (holy)
rCold    . . .     Faith    .   c - +0 kite shield
rNeg     + . .     Spirit   .   b - +0 scale mail
rPois    ∞         Reflect  .   w - +0 helmet
rElec    +         Harm     .   y - +0 cloak
rCorr    .         Rampage  .   p - +1 pair of gloves
Will     .....                  (no boots)
Stlth    ..........             (no amulet)
HPRegen  0.18/turn              (no ring)
MPRegen  0.11/turn              (no ring)

@: corroded
A: AC +6, negative energy resistance 1, electricity resistance, torment
resistance 1, unbreathing 1, petrification resistance
a: Renounce Religion, Potion Petition, Call Merchant, Bribe Branch


You were on level 8 of the Dungeon.
You worshipped Gozag.
Gozag was aware of your devotion.
You visited 2 branches of the dungeon, and saw 9 of its levels.

You collected 460 gold pieces.
You spent 198 gold pieces at shops.
You paid 148 gold pieces to Gozag.

Inventory:

Hand Weapons
 a - a +1 flail
 h - a +2 mace of holy wrath (weapon)
Missiles
 e - 250 stones (quivered)
 f - 19 boomerangs
 u - 12 poisoned darts
Armour
 b - a +0 scale mail (worn)
 c - a +0 kite shield (worn)
 g - a scarf of repulsion
 n - a +0 chain mail
 p - a +1 pair of gloves (worn)
 w - a +0 helmet (worn)
 y - a +0 cloak (worn)
Jewellery
 x - a +4 ring of slaying
 E - a ring of protection from fire
Wands
 k - a wand of random effects (17)
 m - a wand of digging (6)
 C - a wand of mindburst (16)
 D - a wand of iceblast (5)
 F - a wand of paralysis (9)
Scrolls
 i - a scroll of teleportation
 j - 2 scrolls of blinking
 q - a scroll of amnesia
 r - a scroll of enchant weapon
 H - 2 scrolls of immolation
Potions
 d - a potion of lignification
 l - a potion of ambrosia
 o - 4 potions of curing
 s - 6 potions of heal wounds
 t - 2 potions of resistance {unknown}
 v - a potion of cancellation {unknown}
 z - a potion of degeneration {unknown}
 B - a potion of flight {unknown}
 I - a potion of attraction {unknown}
 J - a potion of invisibility {unknown}


   Skills:
 + Level 6.9 Fighting
 * Level 8.2 Maces & Flails
 + Level 7.0 Armour
 + Level 6.9 Shields


You had 8 spell levels left.
You didn't know any spells.
Your spell library contained the following spells:

 Spells                   Type           Power      Damage    Failure   Level
 Confusing Touch          Hex            0%         N/A       100%        3
 Gell's Gravitas          Tloc           0%         N/A       100%        3
 Petrify                  Tmut/Erth      0%         N/A       100%        4
 Metabolic Englaciation   Hex/Ice        0%         N/A       100%        5
 Yara's Violent Unravell  Hex/Tmut       0%         3d3       100%        5


Dungeon Overview and Level Annotations

Branches:
Dungeon (8/15)             Temple (1/1) D:5
   Lair: D:8-11

Altars:
Ashenzari
Dithmenos
Fedhas
Gozag
Hepliaklqana
Kikubaaqudgha
Makhleb
Nemelex Xobeh
Qazlal
Ru
Sif Muna
Trog
Uskayaw
Vehumet
Wu Jian
Xom
Zin
The Shining One

Shops:
D:2 *   D:7 [

Annotations:
D:4 3 runed translucent doors, exclusion: 3 doors, bmj180's ghost, amateur PaFi


Innate Abilities, Weirdness & Mutations

Your stone body is resilient. (AC +6)
You are immune to poison.
You resist negative energy. (rN+)
You are resistant to electric shocks. (rElec)
You are resistant to unholy torment.
You can survive without breathing.
You are immune to petrification.


Message History

The acid dragon bites you but does no damage.
You block the acid dragon's attack.
You sock the acid dragon!
The acid dragon is almost dead.
The acid dragon spits acid at you. The splash of acid misses you.
The acid dragon bites you but does no damage.
You block the acid dragon's attack.
You barely miss the acid dragon.
The acid dragon is almost dead.
You block the acid dragon's attack. The acid dragon barely misses you.
Your scale mail prevents you from hitting the acid dragon.
The acid dragon is almost dead.
You block the acid dragon's attack. The acid dragon barely misses you.
You hit the acid dragon.
The acid dragon is almost dead.
The acid dragon bites you. You block the acid dragon's attack.
You closely miss the acid dragon.
The acid dragon is almost dead.
The acid dragon bites you.
The acid dragon claws you but does no damage.
You hit the acid dragon but do no damage.
The acid dragon is almost dead.
The acid dragon spits acid at you. The splash of acid hits you.
You are splashed with acid!
You barely miss the acid dragon.
The acid dragon is almost dead.
The acid dragon completely misses you. You block the acid dragon's attack.
You completely miss the acid dragon.
The acid dragon is almost dead.
The acid dragon barely misses you. You block the acid dragon's attack. x2
The acid dragon closely misses you.
You hit the acid dragon but do no damage.
The acid dragon is almost dead.
The acid dragon spits acid at you. The splash of acid hits you!
* * * LOW HITPOINT WARNING * * *
The acid corrodes you!
You are splashed with acid!
You die...
Your body crumbles into a pile of gold.

#. #..# #.#...
##....##
####...#..#####
.(............
............
#D.........
#.@........
#..<.......
#...<......
#..........
###########


You could see an acid dragon (catching breath).

Vanquished Creatures
  Sigmund (D:3)
  A wyvern (D:7)
  Menkaure (D:4)
  Edmund (D:4)
  Duvessa (D:6)
  A black bear (D:3)
  A sky beast (D:5)
  An ogre (D:4)
  2 centaurs
  A phantom (D:7)
  A bullfrog (D:7)
  2 scorpions
  A water moccasin skeleton (D:7)
  Dowan (D:6)
  3 wights (D:7)
  A centaur zombie (D:5)
  Crazy Yiuf (D:5)
  A bullfrog skeleton (D:5)
  A jelly (D:4)
  3 centaur skeletons
  A gnoll shaman (D:6)
  5 hounds
  3 orc priests
  Ijyb (D:5)
  4 iguanas
  An orc wizard (D:6)
  2 hound zombies (D:5)
  A hound skeleton (D:4)
  A howler monkey zombie (D:6)
  Robin (D:4)
  9 adders
  5 gnolls
  A white imp (D:7)
  2 ufetubi
  An adder skeleton (D:4)
  2 worms
  3 dart slugs
  10 orcs
  A ball python (D:4)
  7 endoplasms
  4 giant cockroaches
  15 goblins
  6 hobgoblins
  4 jackals (D:4)
  9 kobolds
  6 quokkas
  5 bats
  A frilled lizard (D:2)
  2 rats
139 creatures vanquished.

Vanquished Creatures (others)
  A human (D:6)
  2 kobolds (D:8)
  44 plants (D:5)
47 creatures vanquished.

Grand Total: 186 creatures vanquished

Notes
Turn   | Place    | Note
-------+----------+-------------------------------------------
     0 | D:1      | septik the Gargoyle Fighter began the quest for the Orb.
     0 | D:1      | Reached XP level 1. HP: 14/14 MP: 1/1
   220 | D:1      | Reached XP level 2. HP: 19/19 MP: 2/2
  1071 | D:2      | Reached XP level 3. HP: 22/23 MP: 3/3
  1129 | D:2      | Found Luziawoil's Assorted Antiques.
  1828 | D:3      | Found a blossoming altar of Fedhas.
  1830 | D:3      | Noticed Sigmund
  1967 | D:3      | Killed Sigmund
  1968 | D:3      | Reached skill level 4 in Maces & Flails
  1968 | D:3      | Reached XP level 4. HP: 24/29 MP: 4/4
  1968 | D:3      | Reached XP level 5. HP: 27/33 MP: 5/5
  2138 | D:3      | Reached XP level 6. HP: 36/38 MP: 6/6
  3304 | D:3      | Found a faded altar of an unknown god.
  3595 | D:4      | Noticed Robin
  3595 | D:4      | Noticed a black bear
  3643 | D:2      | Bought a bubbling cyan potion for 24 gold pieces
  3643 | D:2      | Bought a bubbling red potion for 24 gold pieces
  3643 | D:2      | Bought 2 green potions for 48 gold pieces
  3695 | D:4      | Killed Robin
  4031 | D:3      | Killed a black bear
  4032 | D:3      | Reached skill level 5 in Maces & Flails
  4032 | D:3      | Reached XP level 7. HP: 22/44 MP: 7/7
  4340 | D:4      | Noticed Menkaure
  4351 | D:4      | HP: 2/44 [Menkaure (11)]
  4353 | D:4      | Killed Menkaure
  4354 | D:4      | Reached skill level 5 in Fighting
  4354 | D:4      | Reached skill level 5 in Armour
  4354 | D:4      | Reached skill level 5 in Shields
  5386 | D:4      | Noticed Edmund
  5399 | D:4      | Killed Edmund
  5400 | D:4      | Reached skill level 6 in Maces & Flails
  5400 | D:4      | Reached XP level 8. HP: 38/50 MP: 8/8
  5559 | D:4      | Found an opulent altar of Gozag.
  5560 | D:4      | Found a runed translucent gate.
  5560 | D:4      | Found a runed translucent gate.
  5560 | D:4      | Found a runed translucent gate.
  5560 | D:4      | Noticed bmj180's ghost (amateur PaFi)
  5845 | D:5      | Entered Level 5 of the Dungeon
  6090 | D:5      | Found a staircase to the Ecumenical Temple.
  6158 | D:5      | Noticed Ijyb
  6554 | D:5      | Killed Ijyb
  6713 | Temple   | Entered the Ecumenical Temple
  7578 | D:5      | Found a runed translucent door.
  7579 | D:5      | Noticed Crazy Yiuf
  7818 | D:5      | Killed Crazy Yiuf
  7957 | D:6      | Noticed Duvessa
  7957 | D:6      | Noticed Dowan
  7997 | D:6      | Reached skill level 7 in Maces & Flails
  8128 | D:6      | Killed Dowan
  8132 | D:6      | Killed Duvessa
  8133 | D:6      | Reached XP level 9. HP: 27/55 MP: 9/9
  8581 | D:6      | Found an ancient bone altar of Kikubaaqudgha.
  9438 | D:7      | Found Zousu's Antique Armour Emporium.
  9450 | D:7      | Reached skill level 8 in Maces & Flails
  9564 | Temple   | Became a worshipper of Gozag Ym Sagoz the Greedy
 10188 | D:2      | Bought a smoky purple potion for 24 gold pieces
 10188 | D:2      | Bought a silvery potion for 24 gold pieces
 10188 | D:2      | Bought a scroll labelled XYPIRPH TAILE for 27 gold pieces
 10188 | D:2      | Bought a scroll labelled GOCKEA UHEG for 27 gold pieces
 10556 | D:8      | Splashed by an acid dragon's acid

Illustrated notes

Levels and vault maps discovered:
D:1:      lightli_arrival_statuegarden, layout_rooms, minmay_misc_feat_chi,
          serial_bayou_lagoon_b
D:2:      layout_loops_ring, serial_shops, shop, grunt_decor_arrowhead,
          small_statue_intersection, small_statue_intersection
D:3:      layout_basic, fedhas_altar_2, basic_ecumenical_altar,
          minmay_misc_feat_rows, minmay_fractal_squares_gapless_5, uniq_sigmund
D:4:      layout_basic, ebering_ghost_gozag, uniq_menkaure, uniq_robin,
          uniq_edmund
D:5:      layout_basic, minmay_temple_entry_grid, gup_sewer_entry_bubbles,
          serial_bayou, serial_bayou_lagoon_a, serial_bayou_pond_c,
          serial_bayou_lake_a, serial_bayou_ford_a, minmay_small_thing,
          uniq_ijyb, uniq_crazy_yiuf_cottage
D:6:      layout_loops_ring, tgw_kikubaaqudgha, uniq_duvessa
D:7:      layout_basic, serial_glass, glass_columns_b, glass_columns_c,
          serial_shops, shop
D:8:      layout_rooms, elyvilon_altar_4, special_room [special_room_orc],
          minivault_1
Temple:   nicolae_temple_elliptical

Skill      XL: |  1  2  3  4  5  6  7  8  9 |
---------------+----------------------------+-----
Fighting       | 4 5 6 |  6.9
Maces & Flails | 4 5 6 7 8 |  8.2
Armour         | 4 5 6 7 |  7.0
Shields        | 4 5 6 |  6.9

Action                   |  1- 3 |  4- 6 |  7- 9 || total
-------------------------+-------+-------+-------++-------
Melee: Flail             |    49 |       |    44 ||    93
       Mace              |    60 |   197 |   384 ||   641
Throw: Stone             |     2 |     2 |    11 ||    15
  Use: Potion            |     1 |       |     1 ||     2
       Scroll            |       |       |    15 ||    15
Armor: Scale mail        |    55 |   170 |   216 ||   441
       Skin              |       |       |    11 ||    11
Dodge: Dodged            |    23 |    73 |   133 ||   229
Block: Kite shield       |    52 |   133 |   226 ||   411

Table legend: (Time is in decaauts)
 A = Elapsed time spent in this place.
 B = Non-inter-level travel time spent in this place.
 C = Inter-level travel time spent in this place.
 D = Time resting spent in this place.
 E = Time spent auto-exploring this place.
 F = Levels seen in this place.
 G = Mean time per level.
                   A        B        C        D        E       F      G
               +--------+--------+--------+--------+--------+-----+--------+
         Total |  10970 |   9977 |    993 |   1882 |   4323 |   9 | 1218.9 |
       Dungeon |  10762 |   9825 |    937 |   1882 |   4256 |   8 | 1345.2 |
        Temple |    208 |    153 |     55 |      0 |     67 |   1 |  208.0 |
               +--------+--------+--------+--------+--------+-----+--------+

Top non-repeatable levels by time:
     D:4: 2187 daAuts
     D:5: 1944 daAuts
     D:3: 1876 daAuts
     D:2: 1758 daAuts
     D:7: 1346 daAuts
     D:6: 849 daAuts
     D:1: 752 daAuts
  Temple: 208 daAuts
     D:8: 46 daAuts
